 Dungeon Crawl Stone Soup version 0.27.1-1-g398f81649c (webtiles) character file.

Game seed: 36177033958743385

83 Rickety the Sneak (level 4, -5/21 HPs)
             Began as a Spriggan Enchanter on Sept 11, 2021.
             Killed from afar by Sigmund (8 damage)
             ... with a puff of flame
             ... on level 3 of the Dungeon.
             The game lasted 00:06:44 (2261 turns).

Rickety the Sneak (Spriggan Enchanter)              Turns: 2261, Time: 00:06:44

Health: -5/21      AC:  2    Str:  4    XL:     4   Next: 22%
Magic:  8/9        EV: 17    Int: 16    God:
Gold:   139        SH:  0    Dex: 16    Spells: 6/9 levels left

rFire    . . .     SeeInvis +   a - +1 dagger
rCold    . . .     Faith    .   (shield restricted)
rNeg     . . .     Spirit   .   b - +0 robe
rPois    .         Reflect  .   (helmet restricted)
rElec    .         Harm     .   (no cloak)
rCorr    .         Rampage  .   (gloves unavailable)
Will     .....                  (boots unavailable)
Stlth    +++.......             e - amulet of regeneration
HPRegen  1.07/turn              (no ring)
MPRegen  0.11/turn              (no ring)

@: very quick
A: very small, no large weapons, unfitting armour, see invisible, speed 3
a: no special abilities


You were on level 3 of the Dungeon.
You visited 1 branch of the dungeon, and saw 3 of its levels.

You collected 139 gold pieces.

Inventory:

Hand Weapons
 a - a +1 dagger (weapon)
Armour
 b - a +0 robe (worn)
Jewellery
 e - an amulet of regeneration (around neck)
Scrolls
 c - 2 scrolls of teleportation {unknown}
 d - a scroll of vulnerability {unknown}
 g - a scroll of magic mapping {unknown}
 h - a scroll of acquirement {unknown}
 i - 4 scrolls of identify
Potions
 f - 2 potions of berserk rage
 j - a potion of lignification {unknown}
 k - a potion of mutation {unknown}
 l - a potion of brilliance {unknown}


   Skills:
 + Level 0.3 Fighting
 + Level 1.2 Short Blades
 + Level 2.9 Dodging
 * Level 6.5 Stealth
 + Level 3.1 Spellcasting
 + Level 4.1 Hexes
 + Level 0.5 Ice Magic


You had 6 spell levels left.
You knew the following spells:

 Your Spells              Type           Power      Damage    Failure   Level
a - Corona                Hex            16%        N/A       3%          1
b - Ensorcelled Hibernat  Hex/Ice        18%        N/A       11%         2

Your spell library contained the following spells:

 Spells                   Type           Power      Damage    Failure   Level
 Confusing Touch          Hex            15%        N/A       10%         3
 Tukima's Dance           Hex            15%        N/A       10%         3
 Dazzling Flash           Conj/Hex       18%        N/A       24%         3
 Portal Projectile        Hex/Tloc       18%        N/A       24%         3
 Call Canine Familiar     Summ           2%         N/A       50%         3
 Leda's Liquefaction      Hex/Erth       4%         N/A       61%         4


Dungeon Overview and Level Annotations

Branches:
Dungeon (3/15)

Altars:

Shops:
D:3 :

Annotations:
D:3 Sigmund


Innate Abilities, Weirdness & Mutations

You are very small and have problems with some larger weapons.
You are too small for most types of armour.
You have supernaturally acute eyesight. (SInv)
You cover ground extremely quickly. (Speed+++)


Message History

The endoplasm looks drowsy...
The helpless endoplasm fails to defend itself.
You impale the endoplasm!!
You kill the endoplasm!
l - a fuming orange potion
Found 10 gold pieces.
You now have 139 gold pieces (gained 10).
f - 2 potions of berserk rage (gained 1) Sigmund the Dreaded comes into view.
He is wielding a +0 scythe of flaming.
Sigmund shouts!
Casting: Ensorcelled Hibernation (safe; 11% risk of failure)
Confirm with . or Enter, or press ? or * to list all spells.
Aiming: Ensorcelled Hibernation (safe; 11% risk of failure)
Press: ? - help, Shift-Dir - straight line, f - Sigmund
Aim: Sigmund, wielding a +0 scythe of flaming and wearing a +0 robe (chance to affect: 50%) Sigmund looks drowsy...
The helpless Sigmund fails to defend himself.
You impale Sigmund!!
Sigmund is almost dead.
Sigmund hits you with a +0 scythe of flaming!
Ouch! That really hurt!
Sigmund burns you.
* * * LOW HITPOINT WARNING * * *
You are too injured to fight recklessly!
You hit Sigmund but do no damage.
Sigmund is almost dead.
You hit Sigmund but do no damage.
Sigmund is almost dead.
Sigmund barely misses you.
You hit Sigmund but do no damage.
Sigmund is almost dead.
You hit Sigmund.
Sigmund is almost dead.
Sigmund hits you with a +0 scythe of flaming.
* * * LOW HITPOINT WARNING * * *
Sigmund burns you.
* * * LOW HITPOINT WARNING * * *
Sigmund casts a spell at you. The puff of flame hits you!
You die...

## #. ## ##
#.###.# ..
#.#.#.#
#.#@#.#.#
#.....#.#
###.#...@.#
....#.#.#.#
#.....#.#######
#.............#
#.#.#.#.######
#.......#
#.###..##
#.###..#
#......#


You could see Sigmund.

Vanquished Creatures
  4 gnolls
  An adder (D:3)
  2 worms
  2 orcs (D:3)
  4 bats
  5 endoplasms
  A giant cockroach (D:1)
  A goblin (D:3)
  4 ball pythons
  5 frilled lizards
  A kobold (D:2)
  4 rats
34 creatures vanquished.

Notes
Turn   | Place    | Note
-------+----------+-------------------------------------------
     0 | D:1      | Rickety the Spriggan Enchanter began the quest for the Orb.
     0 | D:1      | Reached XP level 1. HP: 9/9 MP: 5/5
   459 | D:1      | Found a faded altar of an unknown god.
   476 | D:1      | Reached skill level 5 in Stealth
   770 | D:2      | Reached XP level 2. HP: 13/13 MP: 6/6
   907 | D:2      | Learned a level 2 spell: Ensorcelled Hibernation
  1356 | D:1      | Reached XP level 3. HP: 16/16 MP: 2/8
  1544 | D:2      | Reached skill level 6 in Stealth
  1998 | D:3      | Reached XP level 4. HP: 21/21 MP: 9/9
  2028 | D:3      | Found Tovoc's Book Boutique.
  2246 | D:3      | Noticed Sigmund
  2261 | D:3      | Killed from afar by Sigmund

Illustrated notes

Levels and vault maps discovered:
D:1:      minmay_arrival_three_doors, layout_basic,
          hellmonk_ecumenical_altar_slurped_away,
          wander_ebering_terrifying_dragon_lair
D:2:      wander_river, layout_rooms
D:3:      layout_basic, serial_shops, nicolae_shop_behind_doors, uniq_sigmund

Skill      XL: |  1  2  3 |
---------------+----------+-----
Stealth        | 5 6 |  6.5
Spellcasting   | 3 |  3.1
Hexes          | 4 |  4.1
Fighting       | |  0.3
Short Blades   | |  1.2
Dodging        | |  2.9
Ice Magic      | |  0.5

Action                   |  1- 3 |  4- 6 || total
-------------------------+-------+-------++-------
Melee: Dagger            |    56 |    11 ||    67
 Cast: Corona            |     3 |       ||     3
       Ensorcelled Hiber |    21 |     6 ||    27
  Use: Scroll            |     1 |       ||     1
 Stab: Sleeping          |    19 |     4 ||    23
       Distracted        |       |     1 ||     1
Armor: Robe              |     5 |       ||     5
Dodge: Dodged            |    32 |     2 ||    34
